 Dungeon Crawl Stone Soup version 0.19-a0-160-gd53b84c (webtiles) character file.

256 wvc the Poker (level 5, -2/38 HPs)
             Began as a Mummy Wanderer on May 21, 2016.
             Killed by divine providence
             ... invoked by an orc priest
              (12 damage)
             ... on level 4 of the Dungeon.
             The game lasted 00:07:53 (3607 turns).

wvc the Poker (Mummy Wanderer)                      Turns: 3607, Time: 00:07:54

Health: -2/38      AC: 10    Str: 16    XL:     5   Next: 92%
Magic:  8/8        EV: 11    Int: 11    God:
Gold:   74         SH:  0    Dex: 12    Spells: 0 memorised, 8 levels left

rFire  x . .     SeeInvis .     l - +2 trident (protect)
rCold  + . .     Gourm    .     e - +1 leather armour
rNeg   + + +     Faith    .     (no shield)
rPois  ∞         Spirit   .     a - +0 helmet
rElec  .         Dismiss  .     (no cloak)
rCorr  .         Reflect  .     (no gloves)
SustAt .         Harm     .     (no boots)
MR     .....                    (no amulet)
Stlth  +.........               (no ring)
                                (no ring)

@: about to teleport, not resistant to hostile enchantments, very unstealthy
A: no food or potions, fire vulnerability, cold resistance 1, negative energy
resistance 3, torment resistance, unbreathing
a: no special abilities


You were on level 4 of the Dungeon.
You were not hungry.

You visited 1 branch of the dungeon, and saw 4 of its levels.

You collected 74 gold pieces.

Inventory:

Hand Weapons
 b - a +0 falchion
 l - a +2 trident of protection (weapon)
 m - a +0 blowgun
Missiles
 g - 8 tomahawks (quivered)
 k - 27 poisoned needles
Armour
 a - a +0 helmet (worn)
 e - a +1 leather armour (worn)
Scrolls
 c - a scroll of teleportation
 d - 2 scrolls of amnesia
 f - 3 scrolls of identify
 h - a scroll of fog
 i - 2 scrolls of remove curse
 j - a scroll of enchant weapon


   Skills:
 - Level 1.9 Fighting
 + Level 4.5 Polearms
 - Level 1.0 Throwing
 - Level 1.1 Armour
 - Level 1.1 Dodging
 - Level 2.0 Spellcasting
   Level 1.0 Conjurations
   Level 2.0 Necromancy
   Level 1.0 Evocations


You had 8 spell levels left.
You didn't know any spells.

Dungeon Overview and Level Annotations

Branches:
Dungeon (4/15)
 Temple: D:4-7

Altars:
Elyvilon
Sif Muna


Innate Abilities, Weirdness & Mutations

You do not eat or drink.
Your flesh is vulnerable to fire.
You are immune to poison.
Your flesh is cold resistant.
You are immune to negative energy.
You are immune to unholy pain and torment.
You can survive without breathing.


Message History

You see here a hound corpse.
You closely miss the orc. The orc barely misses you.
You barely miss the orc. The orc hits you but does no damage.
You barely miss the orc. The orc hits you with a hand axe.
You barely miss the orc. The orc hits you but does no damage.
You hit the orc.
The orc is severely wounded.
The orc hits you with a hand axe.
* * * LOW HITPOINT WARNING * * *
The orc priest casts a cantrip, but nothing happens.
The orc priest miscasts a cantrip.
You are too injured to fight recklessly!
You are too injured to fight recklessly!
Read which item? (? for menu, Esc to quit)
As you read the scroll of teleportation, it crumbles to dust.
You feel strangely unstable. The orc hits you but does no damage.
The orc throws a tomahawk.
The tomahawk misses you.
The orc priest invokes the aid of Beogh against you.
Beogh smites you!
You die...

###.#########
...oooo†.@.(#
.##.#######.#
#.## #..##
#...# #.
##.## ##..
#.# ....# #.#
##...## #.#


You could see 2 orc priests and 2 orcs.

Vanquished Creatures
  A hound (D:4)
  2 orc priests (D:3)
  An orc wizard (D:3)
  5 adders
  An ooze (D:3)
  2 worms
  2 dart slugs (D:1)
  A giant gecko (D:2)
  8 orcs
  6 bats
  4 giant cockroaches
  3 goblins
  10 hobgoblins
  5 jackals
  3 quokkas
  4 giant newts
  9 kobolds
  6 rats
73 creatures vanquished.

Vanquished Creatures (others)
  A quokka (D:2)
1 creature vanquished.

Grand Total: 74 creatures vanquished

Notes
Turn   | Place    | Note
--------------------------------------------------------------
     0 | D:1      | wvc the Mummy Wanderer began the quest for the Orb.
     0 | D:1      | wvc set off with: a +2 spear, a +0 falchion, a scroll of teleportation, a +0 robe
     0 | D:1      | Reached XP level 1. HP: 15/15 MP: 3/3
   191 | D:1      | Reached skill level 2 in Polearms
   290 | D:1      | Reached XP level 2. HP: 11/21 MP: 5/5
  1228 | D:1      | Reached XP level 3. HP: 19/26 MP: 6/6
  1829 | D:2      | Reached skill level 1 in Armour
  1873 | D:2      | Reached XP level 4. HP: 14/33 MP: 7/7
  1969 | D:2      | Found a deep blue altar of Sif Muna.
  2228 | D:2      | Found a white marble altar of Elyvilon.
  2484 | D:3      | Reached skill level 3 in Polearms
  2768 | D:3      | Reached skill level 1 in Dodging
  2960 | D:3      | Reached XP level 5. HP: 38/38 MP: 8/8
  2974 | D:3      | Reached skill level 4 in Polearms
  3607 | D:4      | Killed from afar by an orc priest

Vault maps used:
D:1:      elethiomel_arrival_quiet
D:2:      elyvilon_altar_4, led_sif_pool
D:3:      first_bread
D:4:      lemuel_round_altar, minmay_temple_entry_hall, uniq_menkaure

Skill      XL: |  1  2  3  4  5 |
---------------+----------------+-----
Polearms       | 2 3 4 |  4.5
Armour         | 1 |  1.1
Dodging        | 1 |  1.1
Fighting       | |  1.9
Throwing       | |  1.0
Spellcasting   | |  2.0
Conjurations   | |  1.0
Necromancy     | |  2.0
Evocations     | |  1.0

Action                   |  1- 3 |  4- 6 || total
-------------------------+-------+-------++-------
Melee: Spear             |   144 |    78 ||   222
       Trident           |       |    38 ||    38
Throw: Tomahawk          |     8 |       ||     8
  Use: Scroll            |       |     9 ||     9
 Stab: Sleeping          |     1 |       ||     1
Armor: Leather armour    |    24 |    26 ||    50
Dodge: Dodged            |    54 |    54 ||   108
